 Dungeon Crawl Stone Soup version 0.30-a0-737-gf23d94013f (webtiles) character file.

Game seed: 527416655404200144

18 ragingrage the Scratcher (level 2, -5/12 HPs)
             Began as a Felid Transmuter on Feb 2, 2023.
             Slain by a kobold
             ... wielding a +4 short sword
              (7 damage)
             ... on level 1 of the Dungeon.
             The game lasted 00:00:53 (544 turns).

ragingrage the Scratcher (Felid Transmuter)          Turns: 544, Time: 00:00:54

Health: -5/12      AC:  1    Str:  6    XL:     2   Next: 48%
Magic:  4/6        EV: 17    Int: 14    God:
Gold:   43         SH:  0    Dex: 16    Spells: 2/5 levels left
                                        Lives:  0   Deaths: 0

rFire   . . .      SeeInvis +      - Unarmed
rCold   . . .      Faith    .    (shield unavailable)
rNeg    . . .      Spirit   .    (body armour unavailable)
rPois   .          Reflect  .    (helmet unavailable)
rElec   .          Harm     .    (cloak unavailable)
rCorr   .          Rampage  .    (gloves unavailable)
Will    .....                    (boots unavailable)
Stlth   ++                       (no amulet)
HPRegen 0.22/turn                (no ring)
MPRegen 0.10/turn                (no ring)

@: appendages, wereblooded (expiring), quick
A: horns 2, very small, claws 1, fangs 3, see invisible, speed 1, shaggy fur 1,
stealthy paws, no weapons or thrown items, no armour, multi-lived
a: End Transformation


You were on level 1 of the Dungeon.
You had temporarily grown beastly horns.
You visited 1 branch of the dungeon, and saw 1 of its levels.

You collected 43 gold pieces.

Inventory:

Scrolls
 b - a scroll of vulnerability {unknown}
Potions
 a - a potion of lignification


   Skills:
 - Level 1.0 Fighting
 - Level 2.6 Dodging
 + Level 1.7 Stealth
 + Level 3.3 Unarmed Combat
 - Level 2.0 Spellcasting
 + Level 2.7 Transmutations


You had 2 spell levels left.
You knew the following spells:

 Your Spells              Type           Power      Damage    Failure   Level
a - Beastly Appendage     Tmut           18%        N/A       8%          1
b - Wereblood             Tmut           9%         N/A       12%         2

Your spell library contained the following spells:

 Spells                   Type           Power      Damage    Failure   Level
 Spider Form              Tmut/Pois      5%         N/A       38%         3
 Ice Form                 Ice/Tmut       5%         N/A       80%         4


Dungeon Overview and Level Annotations

Branches:
Dungeon (1/15)

Altars:


Innate Abilities, Weirdness & Mutations

You have temporarily grown beastly horns.
You have sharp claws.
You have razor-sharp teeth.
You have supernaturally acute eyesight. (SInv)
You cover ground quickly. (Speed+)
You are covered in fur. (AC +1)
Your paws help you pounce on unaware monsters.
You are incapable of wielding weapons or throwing items.
You cannot wear armour.
You gain extra lives every three experience levels.


Message History

Casting: Beastly Appendage (safe; 9% risk of failure)
Confirm with . or Enter, or press ? or * to list all spells.
Your blood is infused with primal strength.
You scratch the endoplasm.
The endoplasm is severely wounded.
The endoplasm freezes you.
You are frozen.
You claw the endoplasm!
You feel a bit better.
You kill the endoplasm!
Your transformation is almost over.
The helpless ball python fails to defend itself.
You claw the ball python!
You kill the ball python! 2 kobolds come into view.
There are monsters nearby!
You see here a scroll labelled PINTIA REN FIEFOMO.
Your horns disappear.
The kobold shouts!
You barely miss the kobold. The kobold closely misses you.
The kobold shouts!
You scratch the kobold.
You kill the kobold!
You howl as the wereblood boils in your veins!
Things that are here:
a +0 short sword; 4 stones The kobold closely misses you.
You scratch the kobold. Your claw misses the kobold.
The kobold is moderately wounded.
The kobold hits you with a +4 short sword.
Casting: Wereblood (safe; 12% risk of failure)
Confirm with . or Enter, or press ? or * to list all spells.
You grow a pair of large bovine horns.
The kobold hits you with a +4 short sword.
* * * LOW HITPOINT WARNING * * *
You scratch the kobold.
The kobold is severely wounded.
Your primal bloodlust is almost over.
The kobold hits you with a +4 short sword!
Ouch! That really hurt!
You die...

♣..♣###.# #.# ♣..♣♣
#.#####.# #♣..♣
#..)....#
#♣..♣##.#######
##l.♣#......#
.'...##.###.#
.'K..##.# #.#
.'...##.###.########
##..♣##......?.)@K.#
#♣..♣#...##.######.#
#♣.♣♣#..$##.# # ♣..♣
#....#.#
♣..##.......#
...####.##### ..##
#.# ..# #. .♣#


You could see a kobold.

Vanquished Creatures
  3 ball pythons (D:1)
  3 endoplasms (D:1)
  2 hobgoblins (D:1)
  2 kobolds (D:1)
  3 bats (D:1)
  3 frilled lizards (D:1)
  A goblin (D:1)
17 creatures vanquished.

Notes
Turn   | Place    | Note
-------+----------+-------------------------------------------
     0 | D:1      | ragingrage the Felid Transmuter began the quest for the
                  | Orb.
     0 | D:1      | Reached XP level 1. HP: 9/9 MP: 4/4
   227 | D:1      | Reached skill level 1 in Stealth
   316 | D:1      | Reached XP level 2. HP: 12/12 MP: 4/6
   419 | D:1      | Learned a level 2 spell: Wereblood
   544 | D:1      | Slain by a kobold

Illustrated notes

Levels and vault maps discovered:
D:1:      sevenhm_arrival_forest_fort_large_3, layout_loops_corners,
          amethyst_killhole, minmay_misc_feat_roman, minmay_door_square,
          dreamdust_princess_bridge

Skill      XL: |  1 |
---------------+----+-----
Stealth        | 1 |  1.7
Fighting       | |  1.0
Dodging        | |  2.6
Unarmed Combat | |  3.3
Spellcasting   | |  2.0
Transmutations | |  2.7

Action                     || total
---------------------------++-------
  Melee: Unarmed           ||    32
         Headbutt          ||     3
         Bite              ||     2
   Cast: Beastly Appendage ||    11
         Wereblood         ||     2
   Stab: Sleeping          ||     4
  Dodge: Dodged            ||    15

Table legend: (Time is in decaauts)
 A = Elapsed time spent in this place.
 B = Non-inter-level travel time spent in this place.
 C = Inter-level travel time spent in this place.
 D = Time resting spent in this place.
 E = Time spent auto-exploring this place.
 F = Levels seen in this place.
 G = Mean time per level.
                   A        B        C        D        E       F      G
               +--------+--------+--------+--------+--------+-----+--------+
         Total |    467 |    467 |      0 |     19 |    307 |   1 |  467.0 |
       Dungeon |    467 |    467 |      0 |     19 |    307 |   1 |  467.0 |
               +--------+--------+--------+--------+--------+-----+--------+

Top non-repeatable levels by time:
     D:1: 467 daAuts
